 Dungeon Crawl Stone Soup version 0.31.0-9-g3a7656b989 (webtiles) character file.

Game seed: 11182889308538526683

50686 Sobieck the Eclecticist (level 14, -4/78 HPs)
             Began as a Deep Elf Conjurer on Jan 24, 2024.
             Was a High Priest of Vehumet.
             Slain by a blink frog (9 damage)
             ... on level 5 of the Lair of Beasts.
             The game lasted 01:11:21 (24102 turns).

Sobieck the Eclecticist (Deep Elf Conjurer)        Turns: 24102, Time: 01:11:22

Health: -4/78      AC:  5    Str:  4    XL:     14   Next: 20%
Magic:  50/56      EV: 16    Int: 29    God:    Vehumet [*****.]
Gold:   1335       SH:  0    Dex: 13    Spells: 17/50 levels left

rFire   + . .        p - +0 hammer of the Equinox {freeze, rF+ Will+ Stlth-}
rCold   . . .        (no shield)
rNeg    . . .        v - +0 robe
rPois   .            I - +0 hat
rElec   .            o - +0 cloak
rCorr   .            e - +1 pair of gloves
SInv    .            (no boots)
Will    ++...        (no amulet)
Stlth   ++           A - ring of magical power
HPRegen 0.33/turn    E - ring of magical power
MPRegen 0.35/turn

%: no passive effects
@: about to teleport
A: no striking features
a: Renounce Religion


You were on level 5 of the Lair of Beasts.
You worshipped Vehumet.
Vehumet was extremely pleased with you.
You visited 3 branches of the dungeon, and saw 18 of its levels.
You visited the Abyss 1 time.

You collected 1615 gold pieces.
You spent 280 gold pieces at shops.

Inventory:

Hand Weapons
 p - the +0 hammer of the Equinox (weapon) {freeze, rF+ Will+ Stlth-}
   (You found it on level 2 of the Dungeon)

   rF+:       It protects you from fire.
   Will+:     It increases your willpower.
   Stlth-:    It makes you less stealthy.
 q - the +4 hammer "Sipp" {speed, Int+4}
   (You found it on level 2 of the Dungeon)

   Int+4:     It affects your intelligence (+4).
Missiles
 F - 4 curare-tipped darts
 Z - 2 throwing nets
Armour
 e - a +1 pair of gloves (worn)
 o - a +0 cloak (worn)
 v - a +0 robe (worn)
 w - a +0 kite shield
 I - a +0 hat (worn)
Jewellery
 c - a ring of protection from cold
 d - a +6 ring of dexterity
 f - a ring of protection from fire
 i - a ring of ice
 m - an amulet of guardian spirit
 s - a ring of see invisible
 A - a ring of magical power (left hand)
 E - a ring of magical power (right hand)
Wands
 a - a wand of acid (23)
 l - a wand of roots (21)
 D - a wand of digging (2)
 L - a wand of polymorph (4)
 V - a wand of flame (16)
Scrolls
 b - 2 scrolls of revelation
 k - 3 scrolls of noise
 x - 3 scrolls of enchant weapon
 y - a scroll of poison
 G - a scroll of immolation
 J - 4 scrolls of amnesia
 K - 2 scrolls of fog
 T - a scroll of teleportation
Potions
 h - 5 potions of lignification
 j - 2 potions of resistance
 n - 2 potions of berserk rage
 r - a potion of brilliance
 t - 3 potions of invisibility
 u - 3 potions of enlightenment
 z - 3 potions of cancellation
 B - a potion of might
 C - 6 potions of ambrosia
 H - a potion of heal wounds {unknown}
 N - a potion of attraction
 O - a potion of haste {unknown}
 Q - 4 potions of curing
Miscellaneous
 g - a lightning rod (4/4)
 Y - a tin of tremorstones (2/2)


   Skills:
 - Level 5.0 Fighting
 - Level 10.0 Dodging
 - Level 5.0 Stealth
 + Level 18.5 Spellcasting
 - Level 10.8 Conjurations
 + Level 4.4 Hexes
 - Level 4.0 Translocations
 - Level 10.0 Fire Magic
 - Level 9.0 Air Magic
 - Level 6.0 Alchemy
 - Level 1.1 Invocations
 - Level 5.0 Evocations


You had 17 spell levels left.
You knew the following spells:

 Your Spells              Type           Power      Damage    Failure   Level
a - Swiftness             Air            68%        N/A       1%          3
b - Searing Ray           Conj           100%       2d8       1%          2
c - Fulminant Prism       Conj/Alch      33%        3d16      1%          4
d - Iskenderun's Mystic   Conj/Tloc      63%        2d13      1%          4
e - Yara's Violent Unrav  Hex/Alch       27%        3d12      1%          5
f - Plasma Beam           Fire/Air       34%        2x1d47    1%          6
g - Irradiate             Conj/Alch      33%        3d22      1%          5
A - Olgreb's Toxic Radia  Alch           57%        N/A       1%          4

Your spell library contained the following spells:

 Spells                   Type           Power      Damage    Failure   Level
 Conjure Ball Lightning   Conj/Air       35%        3x3d11    1%          6
 Foxfire                  Conj/Fire      100%       2x1d9     0%          1
 Magic Dart               Conj           100%       1d8       0%          1
 Apportation              Tloc           100%       N/A       1%          1
 Freeze                   Ice            100%       1d10      1%          1
 Sandblast                Erth           52%        2d12      1%          1
 Shock                    Conj/Air       100%       1d9       1%          1
 Sting                    Conj/Alch      100%       1d9       1%          1
 Jinxbite                 Hex            100%       N/A       1%          2
 Mercury Vapours          Alch/Air       100%       N/A       1%          2
 Frozen Ramparts          Ice            52%        1d8       1%          3
 Gell's Gravitas          Tloc           50%        N/A       1%          3
 Hailstorm                Conj/Ice       55%        3d11      1%          3
 Stone Arrow              Conj/Erth      100%       3d13      1%          3
 Teleport Other           Tloc           50%        N/A       1%          3
 Tukima's Dance           Hex            52%        N/A       1%          3
 Airstrike                Air            34%        2d(5-21)  1%          4
 Brom's Barrelling Bould  Conj/Erth      55%        2d7       1%          4
 Starburst                Conj/Fire      36%        6d11      1%          6
 Dimensional Bullseye     Hex/Tloc       25%        N/A       2%          4
 Silence                  Hex/Air        30%        N/A       2%          5
 Passage of Golubria      Tloc           50%        N/A       3%          4
 Alistair's Intoxication  Alch           38%        N/A       3%          5
 Passwall                 Erth           26%        N/A       4%          3
 Petrify                  Alch/Erth      44%        N/A       4%          4
 Animate Dead             Necr           26%        N/A       16%         4
 Summon Forest            Summ/Tloc      19%        N/A       19%         5
 Dispersal                Tloc           25%        N/A       43%         6
 Lehudib's Crystal Spear  Conj/Erth      27%        10d7      93%         8
 Haunt                    Necr/Summ      13%        N/A       100%        7
 Infestation              Necr           13%        N/A       100%        8


Dungeon Overview and Level Annotations

Branches:
Dungeon (11/15)            Temple (0/1) D:7            Lair (5/5) D:11
 Shoals (0/4) Lair:2        Snake (0/4) Lair:3          Orc (2/2) D:10
    Elf (0/3) Orc:2
  Slime: Lair:4-5

Altars:
Dithmenos
Elyvilon
Hepliaklqana
Makhleb
Qazlal
Sif Muna
Trog
Vehumet
Yredelemnul
Zin
The Shining One

Shops:
D:1 =   Orc:1 (

Annotations:
D:9 1 runed translucent door, booth's ghost, novice TrSh
D:11 3 runed translucent doors, 1 transporter, snydleywhiplash's ghost, journeyman MiFi
Lair:1 2 transporters, Sobieck's ghost, journeyman DECj
Lair:3 exclusion: 4 oklob plants


Message History

The elephant trumpets!
The elephant looks frightened! x2; The blink frog blinks!
The blink frog enters a dispersal trap!
The cane toad blinks!
The water moccasin blinks!
The four-headed hydra blinks!
The cane toad blinks! x2
You blink.
Unknown command.
A wyvern comes into view.
A redback comes into view.
Unknown command.
Unknown command.
Unknown command.
The blink frog barely misses you. The blink frog closely misses you.
Unknown command.
The blink frog attacks as it pursues you!
The blink frog hits you.
The blink frog blinks!
Unknown command.
You hit the plant.
The plant begins to die.
You freeze the plant.
The plant is lightly damaged.
The blink frog misses you.
The blink frog blinks!
The blink frog hits you but does no damage.
The wyvern attacks as it pursues you! The wyvern bites you!
A rime drake comes into view.
The blink frog closely misses you. The wyvern barely misses you.
Unknown command.
Found a falchion.
The rime drake hisses angrily.
The redback bites something.
The blink frog blinks!
Unknown command.
You closely miss the cane toad.
A nearby plant withers and dies.
The cane toad barely misses you.
The blink frog hits you but does no damage.
The cane toad completely misses you.
The wyvern bites you but does no damage.
The blink frog hits you!
The blink frog blinks!
Unknown command.
The cane toad closely misses you. The blink frog hits you!
* * * LOW HITPOINT WARNING * * *
Unknown command.
Okay, then.
Unknown command.
Okay, then.
Unknown command.
As you read the scroll of teleportation, it crumbles to dust.
You feel strangely unstable. Vehumet accepts your kill.
You feel your power returning.
You feel a bit more experienced. The blink frog barely misses you.
The cane toad stings you!!
* * * LOW HITPOINT WARNING * * *
The blink frog hits you!
You die...

.F.#....#####..PP.....#.Y.
........^..<...............
...#.....................PP
.........................P.
.........#†...Y#...........
. ........D................
....#.....k.........P..P#
.......<.kFFs##P......P#
##........@FY.#.PPP.P..#
........##.†..##......##
.PP#...y###....#......# #P
#P..P. ##†..##....## .
....P. ##.†.#....# ...FPP.
#..##..## ...F.P... #).#..#
#.####


You could see a four-headed hydra, an elephant, a yak, a cane toad, 2 blink
frogs, a rime drake, a wyvern and a redback.

Vanquished Creatures
  Gastronok (Lair:2)
  Snorg (Lair:4)
  4 hydras
  Erolcha (D:9)
  Harold (D:9)
  2 two-headed ogres
  A boulder beetle (D:11)
  Urug (Orc:2)
  3 orc high priests (Orc:2)
  2 thrashing horrors (Abyss:2)
  Nergalle (Lair:2)
  A wolf spider (Lair:5)
  4 orc knights (Orc:2)
  2 manticores
  3 orc sorcerers (Orc:2)
  4 kobold blastminers
  An elephant (Lair:3)
  A black mamba (Lair:1)
  9 cane toads
  Maggie (D:9)
  Joseph (D:8)
  3 rime drakes (Lair:3)
  8 komodo dragons
  An unseen horror (D:11)
  An ancient zyme (Abyss:2)
  2 queen bees
  3 trolls
  A polar bear (Lair:3)
  A hornet (Lair:5)
  3 blink frogs
  5 dream sheep (Lair:3)
  2 small abominations (Abyss:2)
  A shadow (D:11)
  A wraith (D:10)
  8 wyverns
  10 basilisks
  51 yaks
  A warg (Orc:2)
  3 steam dragons
  4 vampire mosquitoes (D:11)
  Menkaure (D:6)
  An acid dragon (D:10)
  5 nagas (Lair:3)
  15 water moccasins
  26 orc warriors
  3 sky beasts
  3 black bears
  2 ice beasts
  9 ogres
  12 wolves
  3 centaurs
  A phantom (D:5)
  6 kobold brigands
  A brain worm (Abyss:2)
  A gnoll sergeant (D:10)
  10 bullfrogs
  A scorpion (D:4)
  6 wights (D:8)
  58 killer bees
  A vampire bat (Orc:2)
  3 howler monkeys
  2 bombardier beetles
  A gnoll bouda (D:9)
  Crazy Yiuf (D:2)
  17 orc priests
  4 hounds
  2 sleepcaps
  Natasha (thrice) (D:2)
  5 iguanas
  15 orc wizards
  A hell rat (Lair:4)
  14 gnolls
  6 adders
  2 river rats (Lair:4)
  2 shadow imps
  2 white imps (D:5)
  2 dart slugs (D:4)
  3 ribbon worms
  54 orcs
  5 giant cockroaches
  4 goblins
  5 hobgoblins
  2 jackals (D:2)
  17 kobolds
  2 quokkas
  5 ball pythons
  13 bats
  3 frilled lizards
  16 rats
530 creatures vanquished.

Vanquished Creatures (others)
  2 orc wizards (Orc:2)
  An orc (D:7)
  115 fulminant prisms
118 creatures vanquished.

Grand Total: 648 creatures vanquished

Notes
Turn   | Place    | Note
-------+----------+-------------------------------------------
     0 | D:1      | Sobieck the Deep Elf Conjurer began the quest for the Orb.
     0 | D:1      | Reached XP level 1. HP: 10/10 MP: 6/6
   308 | D:1      | Found Facam's Jewellery Shoppe.
   522 | D:1      | Reached XP level 2. HP: 15/15 MP: 5/8
   525 | D:1      | Learned a level 2 spell: Searing Ray
   928 | D:2      | You fall into a shaft and drop 2 floors!
   996 | D:4      | Noticed a bombardier beetle
  1036 | D:4      | Reached skill level 4 in Spellcasting
  1101 | D:4      | Reached XP level 3. HP: 19/19 MP: 4/10
  1207 | D:4      | Reached XP level 4. HP: 24/24 MP: 5/12
  1397 | D:2      | Learned a level 4 spell: Fulminant Prism
  1605 | D:2      | Noticed Natasha
  1608 | D:2      | Killed Natasha
  1609 | D:2      | Reached skill level 5 in Spellcasting
  1641 | D:2      | Noticed Natasha
  1648 | D:2      | Killed Natasha
  1649 | D:2      | Reached skill level 1 in Alchemy
  1649 | D:2      | Reached XP level 5. HP: 28/28 MP: 6/14
  1703 | D:2      | Found a faded altar of an unknown god.
  1787 | D:2      | Noticed Natasha
  1790 | D:2      | Killed Natasha
  1831 | D:2      | Got Dudis's Monograph on Orogeny and Allies
  1976 | D:2      | Found a runed translucent door.
  1977 | D:2      | Noticed Crazy Yiuf
  1984 | D:2      | Killed Crazy Yiuf
  1985 | D:2      | Reached skill level 6 in Conjurations
  1992 | D:2      | Identified the +0 hammer of the Equinox {freeze, rF+ Will+
                  | Stlth-}
  1994 | D:2      | Identified the +4 hammer "Sipp" {speed, Int+4}
  2450 | D:3      | Reached XP level 6. HP: 32/32 MP: 9/16
  2517 | D:3      | Reached skill level 6 in Spellcasting
  3164 | D:4      | Reached skill level 3 in Alchemy
  3856 | D:5      | Entered Level 5 of the Dungeon
  3862 | D:5      | Noticed a water moccasin
  3868 | D:5      | Reached XP level 7. HP: 36/36 MP: 15/19
  4020 | D:7      | Reached skill level 7 in Spellcasting
  4445 | D:7      | Found a shimmering blue altar of Sif Muna.
  4445 | D:7      | Found a stormy altar of Qazlal.
  4445 | D:7      | Found a hazy altar of Hepliaklqana.
  4450 | D:7      | Found a burning altar of Makhleb.
  4451 | D:7      | Found a bloodstained altar of Trog.
  4453 | D:7      | Found a glowing golden altar of the Shining One.
  4453 | D:7      | Found a basalt altar of Yredelemnul.
  4454 | D:7      | Found a radiant altar of Vehumet.
  4456 | D:7      | Found a white marble altar of Elyvilon.
  4458 | D:7      | Found a glowing silver altar of Zin.
  4459 | D:7      | Became a worshipper of Vehumet
  4599 | D:5      | Reached skill level 8 in Spellcasting
  4599 | D:5      | Reached XP level 8. HP: 41/41 MP: 14/22
  4604 | D:5      | Learned a level 4 spell: Iskenderun's Mystic Blast
  5255 | D:5      | Reached skill level 9 in Spellcasting
  5255 | D:5      | Reached skill level 6 in Alchemy
  5414 | D:5      | Reached skill level 1 in Translocations
  5696 | D:6      | Noticed Menkaure
  5698 | D:6      | Killed Menkaure
  5699 | D:6      | Reached skill level 9 in Conjurations
  5699 | D:6      | Reached skill level 3 in Translocations
  5875 | D:6      | Reached XP level 9. HP: 45/45 MP: 15/24
  6013 | D:6      | Learned a level 4 spell: Olgreb's Toxic Radiance
  6637 | D:7      | Found a staircase to the Ecumenical Temple.
  6645 | D:7      | Found a shadowy altar of Dithmenos.
  6805 | D:7      | Reached * piety under Vehumet
  6805 | D:7      | Offered knowledge of Kiss of Death by Vehumet.
  6806 | D:7      | Reached skill level 1 in Fire Magic
  6954 | D:8      | Reached skill level 1 in Air Magic
  6956 | D:8      | Reached skill level 1 in Fighting
  6956 | D:8      | Reached skill level 3 in Dodging
  6956 | D:8      | Reached skill level 3 in Stealth
  7392 | D:8      | Noticed Joseph
  8006 | D:8      | Reached skill level 3 in Fire Magic
  8196 | D:8      | Killed Joseph
  8197 | D:8      | Reached XP level 10. HP: 31/54 MP: 1/25
  8560 | D:8      | Reached skill level 3 in Air Magic
  9166 | D:8      | Learned a level 3 spell: Swiftness
  9229 | D:9      | Reached ** piety under Vehumet
  9229 | D:9      | Offered knowledge of Scorch by Vehumet.
  9230 | D:9      | Reached skill level 10 in Spellcasting
  9543 | D:9      | Noticed Erolcha
  9591 | D:9      | Noticed Maggie
  9608 | D:9      | Reached skill level 3 in Fighting
  9755 | Abyss:2  | Cast into level 2 of the Abyss (Erolcha)
  9760 | Abyss:2  | Noticed a tentacled starspawn
  9893 | Abyss:2  | Noticed a thrashing horror
  9900 | Abyss:2  | Noticed a thrashing horror
  9901 | Abyss:2  | Killed a thrashing horror
  9912 | Abyss:2  | Killed a thrashing horror
  9913 | Abyss:2  | Reached skill level 6 in Dodging
  9928 | Abyss:2  | Noticed a bone dragon
 10124 | D:9      | Escaped the Abyss
 10203 | D:10     | Entered Level 10 of the Dungeon
 10723 | D:10     | Reached XP level 11. HP: 60/60 MP: 21/27
 10842 | D:9      | Offered knowledge of Mephitic Cloud by Vehumet.
 10945 | D:10     | Found a staircase to the Orcish Mines.
 10950 | Orc:1    | Entered Level 1 of the Orcish Mines
 10959 | Orc:1    | Reached skill level 11 in Spellcasting
 10975 | Orc:1    | Reached *** piety under Vehumet
 11609 | Orc:2    | Entered Level 2 of the Orcish Mines
 11614 | Orc:2    | Offered knowledge of Dazzling Flash by Vehumet.
 11723 | Orc:2    | Learned a level 6 spell: Plasma Beam
 12006 | Orc:2    | Reached **** piety under Vehumet
 12056 | Orc:2    | Offered knowledge of Irradiate by Vehumet.
 12068 | Orc:2    | Learned a level 5 spell: Irradiate
 12102 | Orc:2    | Noticed an orc knight
 12103 | Orc:2    | Noticed a two-headed ogre
 12112 | Orc:2    | Reached skill level 6 in Fire Magic
 12113 | Orc:2    | Killed a two-headed ogre
 12137 | Orc:2    | Killed an orc knight
 12138 | Orc:2    | Reached skill level 6 in Air Magic
 12191 | Orc:2    | Noticed an orc sorcerer
 12199 | Orc:2    | Killed an orc sorcerer
 12583 | Orc:2    | Found a staircase to the Elven Halls.
 12678 | Orc:2    | Noticed Urug
 13005 | Orc:1    | Found Ampilen's Antique Weapon Emporium.
 13094 | Orc:2    | Killed Urug
 13187 | Orc:2    | Noticed an orc knight
 13193 | Orc:2    | Killed an orc knight
 13375 | Orc:2    | Noticed an orc knight
 13377 | Orc:2    | Killed an orc knight
 13463 | Orc:2    | Noticed an orc high priest
 13464 | Orc:2    | Killed an orc high priest
 13465 | Orc:2    | Reached XP level 12. HP: 67/67 MP: 19/29
 13489 | Orc:2    | Noticed an orc high priest
 14011 | Orc:2    | Killed an orc high priest
 14011 | Orc:2    | Noticed an orc high priest
 14112 | Orc:2    | Reached skill level 9 in Fire Magic
 14113 | Orc:2    | Killed an orc high priest
 14941 | D:9      | Noticed Harold
 14945 | D:9      | Killed Harold
 15193 | D:9      | Reached ***** piety under Vehumet
 15270 | D:9      | Killed Maggie
 15371 | D:9      | Killed Erolcha
 15711 | D:9      | Found a runed translucent door.
 15711 | D:9      | Noticed booth's ghost (novice TrSh)
 16004 | D:11     | Found a runed translucent gate.
 16005 | D:11     | Found a runed translucent gate.
 16006 | D:11     | Found a runed translucent gate.
 16012 | D:11     | Noticed snydleywhiplash's ghost (journeyman MiFi)
 16031 | D:11     | Offered knowledge of Flame Wave by Vehumet.
 16135 | D:11     | Found a frozen archway.
 16150 | D:11     | Reached skill level 9 in Air Magic
 16464 | D:1      | Bought a ring of magical power for 280 gold pieces
 16741 | D:11     | Noticed a two-headed ogre
 16743 | D:11     | Killed a two-headed ogre
 16744 | D:11     | Reached skill level 12 in Spellcasting
 16982 | D:11     | Found a staircase to the Lair.
 17010 | D:11     | Noticed a boulder beetle
 17023 | D:11     | Killed a boulder beetle
 17024 | D:11     | Reached skill level 13 in Spellcasting
 17121 | D:11     | Found a transporter.
 17492 | Lair:1   | Entered Level 1 of the Lair of Beasts
 17636 | Lair:1   | Reached skill level 14 in Spellcasting
 18324 | Lair:1   | Reached XP level 13. HP: 72/72 MP: 33/33
 18446 | Lair:1   | Found a transporter.
 18450 | Lair:1   | Found a transporter.
 18533 | Lair:1   | Noticed Sobieck's ghost (journeyman DECj)
 18921 | Lair:2   | Noticed Nergalle
 18923 | Lair:2   | Killed Nergalle
 18924 | Lair:2   | Reached skill level 15 in Spellcasting
 18973 | Lair:2   | Reached skill level 9 in Dodging
 19019 | Lair:2   | Noticed Gastronok
 19025 | Lair:2   | Killed Gastronok
 19156 | Lair:2   | Found a staircase to the Shoals.
 20120 | Lair:3   | Found a staircase to the Snake Pit.
 20151 | Lair:3   | Reached skill level 1 in Invocations
 20360 | Lair:3   | Reached skill level 1 in Evocations
 20564 | Lair:3   | Reached skill level 16 in Spellcasting
 20565 | Lair:3   | Reached skill level 3 in Evocations
 20777 | Lair:3   | Offered knowledge of Freezing Cloud by Vehumet.
 21856 | Lair:3   | Reached skill level 17 in Spellcasting
 22740 | Lair:4   | Offered knowledge of Conjure Ball Lightning by Vehumet.
 22751 | Lair:4   | Noticed Snorg
 22756 | Lair:4   | Killed Snorg
 22757 | Lair:4   | Reached XP level 14. HP: 78/78 MP: 27/37
 22759 | Lair:4   | Reached skill level 18 in Spellcasting
 22880 | Lair:3   | Learned a level 5 spell: Yara's Violent Unravelling
 23013 | Lair:4   | Reached skill level 1 in Hexes
 23508 | Lair:4   | Reached skill level 3 in Hexes
 23866 | Lair:5   | Entered Level 5 of the Lair of Beasts
 24102 | Lair:5   | Slain by a blink frog

Illustrated notes

Levels and vault maps discovered:
D:1:      wheals_arrival_shading, layout_loops_ring, serial_shops,
          nicolae_shop_hallway_plus, serial_park_tiny_2
D:2:      layout_loops_ring, hellmonk_ecumenical_altar_lost_god, uniq_natasha,
          uniq_crazy_yiuf_cottage
D:3:      layout_basic, lightli_corner_chamber
D:4:      layout_loops_ring, nrook_uturn
D:5:      layout_gridville
D:6:      layout_loops_cross, hangedman_abyss_or_decor_slice, uniq_menkaure
D:7:      layout_rooms, nicolae_overflow_hallway_of_the_gods,
          minmay_temple_entry_trees, lemuel_flamethrower_2
D:8:      nicolae_cairo_tiling_large_dashed, layout_basic,
          kennysheep_kite_vault, uniq_joseph
D:9:      layout_big_octagon, ebering_ghost_reflecting_pool, serial_park_tiny_2,
          uniq_maggie, uniq_erolcha, uniq_harold
D:10:     layout_rooms, orc_0_dummy, hangedman_decor_peaks_small,
          hangedman_decor_push
D:11:     layout_roguey, lair_entry_dummy, gammafunk_ghost_split,
          portal_ice_cave_entry_pillars_1, nicolae_diode_basic
Lair:1:   layout_roguey [special_room_bee], gammafunk_ghost_hive
Lair:2:   layout_regular_city, elwin_shoals_entry_rocks,
          infiniplex_staircase_pool_2, uniq_gastronok, uniq_nergalle
Lair:3:   hangedman_what_comes_after_a, layout_hall_layers,
          minmay_snake_entry_guardpost_large
Lair:4:   layout_gridlike, kennysheep_abandoned_house, serial_bayou_shore_b,
          uniq_snorg
Lair:5:   hangedman_lair_tendril_chambers, layout_long_grid,
          guppyfry_lair_end_dragon, slime_entry_1, minmay_lair_oklob_bushes,
          chequers_serial_rivers_marsh, disabler_island
Orc:1:    layout_diamond_mine, serial_shops, shop, nicolae_orc_stony_grotto
Orc:2:    grunt_orc_tribal_feast, layout_caves, roderic_batcave,
          regret_index_minedec_guest_junction, uniq_urug

Skill      XL: |  1  2  3  4  5  6  7  8  9 10 11 12 13 14 |
---------------+-------------------------------------------+-----
Spellcasting   | 4 5 6 8 9 10 11 14 17 18 | 18.5
Conjurations   | 5 6 7 9 10 | 10.8
Alchemy        | 1 2 3 4 6 |  6.0
Translocations | 3 4 |  4.0
Fire Magic     | 3 5 8 10 | 10.0
Air Magic      | 2 4 7 9 |  9.0
Fighting       | 2 3 4 5 |  5.0
Dodging        | 4 6 7 8 10 | 10.0
Stealth        | 4 5 |  5.0
Invocations    | 1 |  1.1
Evocations     | 5 |  5.0
Hexes          | 4 |  4.4

Action                     |  1- 3 |  4- 6 |  7- 9 | 10-12 | 13-15 || total
---------------------------+-------+-------+-------+-------+-------++-------
  Melee: Mace              |       |     1 |       |     6 |     3 ||    10
   Cast: Magic Dart        |    29 |    84 |    13 |       |       ||   126
         Searing Ray       |     3 |    14 |     9 |    11 |       ||    37
         Fulminant Prism   |       |     5 |    61 |    48 |     1 ||   115
         Iskenderun's Myst |       |       |    18 |    39 |     4 ||    61
         Olgreb's Toxic Ra |       |       |    17 |   123 |    51 ||   191
         Plasma Beam       |       |       |       |    60 |   141 ||   201
         Irradiate         |       |       |       |     5 |     6 ||    11
    Use: Scroll            |       |    11 |     5 |     9 |     6 ||    31
         Potion            |       |       |       |     3 |       ||     3
 Armour: Robe              |     2 |     4 |    17 |    60 |    29 ||   112
  Dodge: Dodged            |     2 |     9 |    25 |    96 |    44 ||   176
